 Dungeon Crawl Stone Soup version 0.16.1-11-g651b585 (webtiles) character file.

104 hulla the Stinger (level 4, 0/28 HPs)
             Began as an Octopode Transmuter on Mar 30, 2015.
             Succumbed to a kobold's poison
             ... on level 3 of the Dungeon.
             The game lasted 00:14:04 (2423 turns).

hulla the Stinger (Octopode Transmuter)             Turns: 2423, Time: 00:14:04

Health: 0/28       AC:  1    Str: 12    XL:     4   Next: 80%
Magic:  5/7        EV: 12    Int: 19    God:
Gold:   92         SH:  0    Dex: 12    Spells: 3 memorised, 1 level left

rFire  . . .     SeeInvis .       - Unarmed
rCold  . . .     Clarity  .     (no shield)
rNeg   . . .     SustAb   .     (helmet restricted)
rPois  .         Gourm    .     (no amulet)
rElec  .         Spirit   .     o - +3 ring of strength
rCorr  .         Warding  .     p - +3 ring of intelligence (curse)
rMut   .         Stasis   .     (no ring)
MR     .....                    (no ring)
Stlth  ++........               (no ring)
                                (no ring)
                                (no ring)
                                (no ring)

@: lethally poisoned (0 -> -16), not resistant to hostile enchantments,
unstealthy
A: almost no armour, amphibious, 8 rings, constrict 8, camouflage 1, gelatinous
body 1
a: no special abilities


You were on level 3 of the Dungeon.
You were hungry.

You visited 1 branch of the dungeon, and saw 3 of its levels.

You collected 92 gold pieces.

Inventory:

Hand weapons
 q - a +0 hunting sling
 s - a +0 spear
Missiles
 b - 57 arrows
 e - 14 poisoned needles
 j - 8 sling bullets
 l - 71 stones (quivered)
Armour
 g - a +3 buckler
Jewellery
 o - a +3 ring of strength (left tentacle)
 p - a cursed +3 ring of intelligence (right tentacle)
Scrolls
 c - a scroll of random uselessness
 k - a scroll of enchant armour
Books
 d - a book of Changes

   Spells                             Type                      Level
   a - Beastly Appendage              Transmutation                1
   b - Sticks to Snakes               Transmutation                2
   c - Spider Form                    Transmutation/Poison         3
   d - Ice Form                       Ice/Transmutation            4
   e - Blade Hands                    Transmutation                5
Comestibles
 a - 2 bread rations
 f - a meat ration
 h - 2 beef jerkies
 m - a slice of pizza
 n - 7 chunks of flesh
 r - 3 fruits


   Skills:
 - Level 1.0 Fighting
 - Level 2.0 Dodging
 - Level 3.0 Unarmed Combat
 - Level 2.0 Spellcasting
 + Level 3.5 Transmutations
 + Level 3.6 Poison Magic


You had one spell level left.
You knew the following spells:

 Your Spells              Type           Power        Failure   Level  Hunger
a - Beastly Appendage     Trmt           ###...       4%          1    #......
b - Spider Form           Trmt/Pois      ###.......   12%         3    ###....
c - Sticks to Snakes      Trmt           ###.......   8%          2    ###....


Dungeon Overview and Level Annotations

Branches:
Dungeon (3/15)

Altars:

Annotations:
D:3 Sigmund


Innate Abilities, Weirdness & Mutations

You cannot wear most types of armour.
You are amphibious.
You can wear up to eight rings at the same time.
You can use your tentacles to constrict many enemies at once.
Your skin changes colour to match your surroundings (Stealth).
Your rubbery body absorbs attacks (AC +1).


Message History

You feel sick.
Use which ability? (? or * to list)
Your transformation has ended.
* * * LOW HITPOINT WARNING * * *
You feel very sick.
* * * LOW HITPOINT WARNING * * *
You feel sick.
You aren't carrying any potions.
You aren't carrying any potions.
You aren't carrying any potions.
* * * LOW HITPOINT WARNING * * *
You feel sick.
* * * LOW HITPOINT WARNING * * *
You feel sick.
Some of the chunks of flesh in your inventory have rotted away.
You aren't carrying any potions.
You feel clever.
Oops, that ring feels deathly cold.
p - a cursed +3 ring of intelligence (right tentacle)
You die...

. #.......# ... # #.......#
#...... # #.......# ......
###.......###.....
...............>..
#.#.......###.....
..............#.#
..#####.##..#.#.#############
......#.##).#.#.@...........#
....#.#.##............###)###
....#...####..#.#####.###.#
....##### #..#.# #.......#
....# #..#.# #(#.##### ....#
#..#.# #(#(#####.K.. ......
#..#.# #.#.......# .<.###
#..#.###(#K#####%... .#.#
##.#.....(.#####.#


There were no monsters in sight!

Vanquished Creatures
  A gnoll (D:1)
  4 adders
  A giant gecko (D:2)
  6 bats
  4 giant cockroaches
  7 hobgoblins
  3 giant newts (D:1)
  4 goblins
  8 jackals
  5 kobolds
  3 quokkas
  10 rats
56 creatures vanquished.

Vanquished Creatures (others)
  3 butterflies (D:3)
3 creatures vanquished.

Grand Total: 59 creatures vanquished

Notes
Turn   | Place    | Note
--------------------------------------------------------------
     0 | D:1      | hulla, the Octopode Transmuter, began the quest for the Orb.
     0 | D:1      | Reached XP level 1. HP: 13/13 MP: 3/3
   104 | D:1      | Reached XP level 2. HP: 11/18 MP: 2/4
   848 | D:2      | Reached XP level 3. HP: 20/23 MP: 4/6
   853 | D:2      | Learned a level 3 spell: Spider Form
  1025 | D:2      | Reached skill level 1 in Poison Magic
  1866 | D:1      | Reached XP level 4. HP: 7/28 MP: 3/7
  1871 | D:1      | Learned a level 2 spell: Sticks to Snakes
  2406 | D:3      | Noticed Sigmund
  2422 | D:3      | HP: 1/28 [poisoned by a kobold]
  2423 | D:3      | Succumbed to a kobold's poison

Action                   |  1- 3 |  4- 6 || total
-------------------------+-------+-------++-------
Melee: Unarmed           |    84 |    24 ||   108
 Fire: Hunting sling     |     7 |    25 ||    32
 Cast: Beastly Appendage |    15 |     6 ||    21
       Spider Form       |     1 |     3 ||     4
 Abil: End Transformatio |       |     1 ||     1
  Use: Scroll            |       |     4 ||     4
 Stab: Distracted        |     1 |       ||     1
  Eat: Chunk             |     3 |     2 ||     5
